Map: Neon Violet Square LE

Players

SpeCial - Winner!

  • Race: Terran Terran
  • Spawn Location: 5:00

Snute

  • Race: Zerg Zerg
  • Spawn Location: 11:00

Event: WCS Leipzig 2018

VOD

Have the link to the VOD?

Description

Time

  • Played on: Jan. 26, 2018, 1:54 p.m.
  • Length: 18:04

All games in this series

Show
View Real Time Build Order
Export as new Build Order

SpeCial Terran - Winner!

Build Orders: Liberator Opening 

Get SALT Encoding   

  12  0:01  SCV  
  13  0:13  SCV  
  14  0:18  Supply Depot  
  14  0:25  SCV  
  15  0:31  Refinery  
  15  0:40  SCV  
  16  0:45  Barracks  
  16  0:52  SCV  
  18  1:04  SCV  
  18  1:16  SCV  
  20  1:33  Reaper  
  20  1:34  Orbital Command  
  20  1:44  Command Center  
  20  1:54  Factory  
  20  2:00  SCV  
  21  2:11  Barracks Reactor  
  21  2:12  SCV  
  21  2:15  Supply Depot  
  22  2:24  SCV  
  22  2:25  Refinery  
  23  2:37  SCV  
  24  2:46  Starport  
  24  2:49  SCV  
  25  2:52  Hellion x2  
  25  2:56  Orbital Command  
  29  3:01  SCV  
  30  3:13  Hellion x2  
  30  3:14  Marine  
  30  3:17  SCV  
  36  3:22  Medivac  
  36  3:24  SCV  
  39  3:29  SCV  
  39  3:33  Supply Depot  
  40  3:38  SCV, Liberator  
  41  3:41  SCV  
  41  3:44  Hellion  
  41  3:47  Hellion  
  46  3:54  SCV  
  47  3:56  Supply Depot  
  47  4:01  SCV  
  51  4:07  SCV  
  51  4:08  Armory  
  52  4:13  SCV  
  53  4:19  SCV  
  53  4:21  Hellion x2  
  58  4:25  SCV  
  58  4:29  Supply Depot  
  58  4:31  SCV  
  60  4:32  Supply Depot  
  60  4:37  SCV  
  61  4:43  SCV  
  62  4:50  SCV  
  62  4:51  Hellion x2  
  62  4:52  Supply Depot  
  67  4:55  SCV  
  67  4:56  Hellion x3  
  66  5:02  SCV  
  64  5:07  SCV  
  64  5:12  Hellion x2  
  65  5:14  SCV  
  65  5:19  SCV, Command Center  
  62  5:26  SCV  
  63  5:30  Barracks Reactor  
  63  5:31  SCV  
  63  5:32  Factory, Terran Vehicle Weapons Level 1  
  63  5:33  Hellion x2, Liberator  
  68  5:40  SCV  
  67  5:47  SCV  
  62  5:50  Refinery  
  62  5:51  Refinery, Supply Depot  
  62  5:53  SCV  
  62  5:55  Hellion  
  70  5:57  Hellion  
  70  6:01  SCV  
  71  6:05  SCV  
  72  6:13  SCV  
  72  6:14  Supply Depot  
  72  6:17  SCV  
  74  6:19  Liberator  
  74  6:20  Cyclone x2  
  74  6:25  SCV  
  81  6:27  Cyclone x2  
  81  6:29  SCV  
  89  6:33  Orbital Command  
  89  6:35  Refinery  
  89  6:36  Refinery  
  89  6:37  SCV  
  92  6:41  SCV  
  92  6:43  Factory  
  93  6:49  SCV  
  93  6:53  SCV, Factory  
  95  6:55  Hellion x2  
  95  6:59  SCV  
  95  7:01  Hellion, SCV  
  102  7:04  Factory  
  102  7:05  SCV  
  104  7:09  Supply Depot  
  104  7:10  Supply Depot  
  104  7:11  Hellion, SCV  
  104  7:13  SCV  
  108  7:17  SCV  
  108  7:19  Hellion x2  
  113  7:23  SCV  
  113  7:25  SCV  
  113  7:26  Hellion  
  113  7:29  SCV  
  114  7:35  SCV, Hellion  
  111  7:37  SCV  
  111  7:40  Hellion, Factory Tech Lab  
  111  7:41  SCV, Factory Tech Lab  
  111  7:47  SCV  
  111  7:49  SCV  
  108  7:52  Hellion  
  108  7:53  Liberator  
  108  7:54  SCV, Hellion  
  103  7:59  SCV  
  103  8:02  SCV  
  103  8:03  Hellion x2, Factory Tech Lab, Siege Tank  
  110  8:06  SCV  
  110  8:08  Terran Vehicle Weapons Level 2  
  110  8:11  SCV  
  115  8:14  SCV  
  115  8:18  SCV, Command Center  
  110  8:23  Hellion x3, SCV  
  110  8:24  Siege Tank  
  110  8:25  Hellion  
  110  8:26  SCV, Hellion  
  121  8:30  SCV  
  121  8:33  Infernal Pre-Igniter  
  117  8:36  Hellion  
  117  8:37  Ghost Academy  
  117  8:40  Barracks  
  119  8:44  Hellion  
  119  8:45  Hellion  
  119  8:46  Hellion  
  119  8:48  Barracks Tech Lab  
  125  8:49  Supply Depot  
  125  8:54  Hellion, Liberator  
  125  9:03  Supply Depot  
  125  9:04  Supply Depot  
  125  9:05  Supply Depot, Armory, Siege Tank x2  
  125  9:06  SCV x2  
  125  9:08  Supply Depot  
  125  9:09  Moebius Reactor  
  133  9:10  Ghost  
  133  9:12  Hellion  
  133  9:13  Supply Depot  
  140  9:19  Supply Depot  
  140  9:24  Hellion x3, Siege Tank  
  149  9:37  Siege Tank x2  
  155  9:38  Liberator  
  155  9:39  Ghost  
  155  9:43  Hellion  
  155  9:44  Barracks Tech Lab  
  159  9:46  Hellion x3  
  159  9:49  SCV  
  164  9:56  Siege Tank  
  166  10:04  Hellion  
  166  10:07  Hellion, Ghost x2  
  168  10:09  Siege Tank  
  168  10:11  Hellion x2  
  181  10:21  Hellion  
  178  10:26  Refinery  
  178  10:27  Refinery  
  175  10:28  Siege Tank  
  175  10:31  Engineering Bay  
  175  10:32  Hellion x2  
  182  10:37  Ghost  
  182  10:39  Ghost  
  182  10:41  Siege Tank  
  187  10:47  Liberator  
  187  10:49  Command Center  
  164  10:55  Hellion x2  
  164  10:56  Siege Tank  
  167  10:58  Smart Servos  
  167  11:05  Ghost  
  167  11:07  Ghost  
  167  11:09  Hellion  
  167  11:10  Hellion  
  178  11:12  Hellion  
  178  11:13  Factory  
  178  11:17  Siege Tank  
  174  11:32  Hellion  
  174  11:34  Siege Tank x2  
  158  11:40  Hellion x2  
  158  11:41  Hellion  
  160  11:49  Siege Tank  
  165  11:54  Hellion  
  146  12:01  Hellion  
  146  12:02  Hellion  
  146  12:04  Hellion x2  
  146  12:06  Siege Tank x2  
  146  12:12  Liberator  
  137  12:16  Orbital Command  
  137  12:17  Hellion  
  137  12:20  SCV  
  137  12:21  SCV x2, Planetary Fortress, Siege Tank  
  142  12:23  Hellion  
  147  12:30  Refinery  
  147  12:31  Hellion x2  
  147  12:32  Hellion  
  147  12:33  Command Center  
  147  12:36  Command Center  
  153  12:37  Command Center  
  153  12:38  Refinery, Siege Tank x2  
  153  12:39  Terran Vehicle And Ship Armor Level 1  
  153  12:42  Hellion  
  159  12:44  Hellion  
  153  12:52  Hellion  
  153  12:53  Siege Tank  
  156  12:59  Hellion x2  
  156  13:03  Hellion  
  162  13:06  Hellion  
  162  13:10  Siege Tank x2  
  170  13:12  Ghost  
  170  13:13  Command Center, Ghost  
  174  13:21  Hellion x2  
  174  13:25  Siege Tank  
  181  13:27  Factory Tech Lab  
  181  13:30  Terran Vehicle Weapons Level 3, Barracks  
  181  13:42  Siege Tank x2  
  181  13:43  Ghost x2  
  181  13:45  Hellion x4  
  181  13:46  Hellion  
  199  13:50  Planetary Fortress  
  199  13:51  Orbital Command x2  
  199  14:02  Liberator  
  195  14:14  Siege Tank  
  195  14:17  Hellion x3  
  179  14:18  Hellion, Siege Tank x2  
  184  14:24  Siege Tank  
  184  14:26  Ghost  
  184  14:27  Ghost  
  167  14:36  Refinery x2  
  167  14:38  Hellion  
  169  14:41  Hellion x3  
  169  14:44  Barracks Tech Lab  
  175  14:46  Siege Tank  
  175  14:48  Command Center  
  175  14:49  Terran Vehicle And Ship Armor Level 2  
  175  14:50  Siege Tank x2  
  175  14:52  Terran Infantry Armor Level 1  
  184  14:55  Ghost  
  184  14:56  Hellion  
  184  14:59  Hellion  
  186  15:07  Ghost x2  
  184  15:10  Hellion  
  190  15:15  Command Center, Missile Turret  
  190  15:16  Missile Turret, Sensor Tower  
  190  15:17  Missile Turret, Siege Tank  
  190  15:18  Siege Tank  
  190  15:19  Missile Turret  
  195  15:23  Ghost  
  189  15:31  Hellion x3, Siege Tank  
  189  15:35  Ghost  
  198  15:36  Starport Reactor  
  198  15:42  Siege Tank  
  199  15:43  Hellion  
  194  15:50  Hellion  
  194  15:52  Ghost x2  
  194  16:04  Ghost  
  167  16:05  Hellion  
  167  16:06  Hellion, Siege Tank  
  167  16:07  Hellion, Siege Tank  
  170  16:12  Hellion  
  170  16:13  Hellion  
  170  16:16  Siege Tank  
  162  16:19  Liberator x2  
  157  16:27  Hellion x2  
  157  16:29  Hellion  
  163  16:34  Siege Tank  
  163  16:38  Siege Tank  
  163  16:39  Siege Tank  
  178  16:48  Siege Tank  
  168  16:58  Hellion x2  
  168  16:59  Hellion x2  
  170  17:05  Ghost x3  
  170  17:06  Siege Tank  
  175  17:10  Siege Tank  
  175  17:11  Siege Tank  
  172  17:20  Hellion x4  
  172  17:21  Hellion  
  173  17:33  Ghost x2  
  168  17:38  Hellion  
  168  17:41  Hellion x3  
  168  17:42  Hellion  
Show
View Real Time Build Order
Export as new Build Order

Snute Zerg 

Build Orders: Pool First 

Get SALT Encoding   

  12  0:00  Drone  
  13  0:13  Overlord  
  13  0:17  Drone  
  14  0:31  Drone x2  
  14  0:35  Drone  
  17  0:45  Spawning Pool  
  17  0:49  Drone  
  17  1:10  Hatchery  
  16  1:12  Drone  
  16  1:14  Drone  
  16  1:18  Extractor  
  17  1:20  Drone  
  18  1:28  Drone  
  19  1:33  Queen  
  21  1:40  Overlord  
  21  1:50  Zergling x2  
  22  2:01  Drone  
  23  2:09  Queen  
  23  2:15  Drone  
  26  2:18  Metabolic Boost  
  26  2:21  Queen  
  26  2:22  Drone  
  29  2:23  Drone  
  30  2:33  Drone, Overlord  
  31  2:42  Drone x3  
  34  2:46  Overlord  
  34  2:47  Drone  
  35  2:55  Drone  
  35  2:58  Drone  
  37  3:03  Queen  
  37  3:05  Queen  
  41  3:09  Zergling x4  
  42  3:16  Drone  
  42  3:19  Drone  
  44  3:20  Drone x2  
  44  3:22  Zergling x2  
  47  3:27  Zergling x2  
  47  3:30  Zergling x6  
  51  3:36  Hatchery  
  50  3:42  Drone  
  50  3:46  Overlord  
  51  3:49  Overlord  
  51  3:59  Overlord  
  51  4:05  Queen x2  
  55  4:12  Zergling x8  
  55  4:15  Drone  
  52  4:20  Drone x5  
  52  4:23  Drone  
  58  4:25  Drone  
  58  4:28  Drone  
  60  4:38  Drone x2  
  62  4:48  Drone x2  
  62  4:49  Drone  
  65  4:54  Overlord  
  65  4:55  Drone x3  
  68  5:03  Drone x5  
  71  5:10  Drone  
  71  5:11  Zergling x2  
  71  5:14  Drone, Queen x2  
  71  5:21  Overlord  
  71  5:23  Drone x3  
  71  5:28  Drone x4  
  76  5:30  Evolution Chamber  
  76  5:31  Overlord, Evolution Chamber  
  76  5:33  Drone  
  76  5:48  Drone  
  76  5:49  Drone x6  
  79  5:50  Drone  
  79  5:51  Drone  
  79  5:55  Zergling x10  
  83  5:58  Zerg Ground Armor Level 1  
  83  5:59  Zerg Missile Weapons Level 1  
  83  6:02  Extractor x2  
  83  6:03  Zergling x2  
  82  6:04  Drone  
  82  6:13  Drone x3  
  82  6:16  Extractor  
  82  6:17  Drone  
  85  6:19  Extractor  
  85  6:20  Baneling Nest  
  85  6:21  Drone x2, Extractor  
  85  6:22  Drone  
  85  6:24  Drone x4  
  89  6:26  Drone  
  89  6:31  Drone  
  91  6:35  Drone  
  91  6:37  Spore Crawler  
  91  6:40  Spore Crawler  
  91  6:41  Lair  
  91  6:42  Drone x2  
  92  6:47  Drone, Spore Crawler  
  92  6:48  Drone x4  
  92  6:52  Hatchery  
  92  6:53  Overlord  
  95  6:56  Queen x2  
  95  6:57  Zergling x2  
  95  6:58  Zergling x2  
  95  7:00  Zergling x2  
  95  7:01  Zergling x2  
  103  7:04  Zergling x2  
  103  7:06  Baneling x5  
  104  7:17  Hatchery  
  97  7:31  Zergling x2  
  97  7:32  Zergling x20  
  96  7:39  Zergling x4  
  96  7:40  Zergling x6  
  96  7:42  Zergling x6  
  89  7:52  Zergling x2  
  89  7:53  Zergling x10  
  89  7:56  Hydralisk Den  
  86  8:02  Baneling x5  
  86  8:03  Zergling x6  
  84  8:08  Queen x3  
  84  8:11  Zergling x2  
  84  8:12  Zergling x6  
  82  8:23  Zergling x10  
  82  8:24  Zergling x6  
  88  8:29  Hydralisk  
  88  8:30  Hydralisk  
  88  8:31  Queen  
  89  8:38  Muscular Augments  
  89  8:39  Infestation Pit  
  87  8:42  Hydralisk  
  87  8:44  Queen  
  87  8:48  Hydralisk  
  87  8:49  Hydralisk  
  87  8:51  Baneling  
  87  8:52  Baneling x2  
  87  8:55  Drone x4  
  95  8:56  Drone  
  95  8:58  Drone  
  95  8:59  Drone  
  95  9:01  Drone x2  
  100  9:09  Hydralisk x3  
  104  9:15  Drone  
  107  9:18  Zerg Missile Weapons Level 2  
  107  9:23  Hydralisk x5  
  117  9:31  Hydralisk x3  
  117  9:34  Hive  
  123  9:40  Drone x3  
  123  9:42  Overlord x2  
  126  9:46  Extractor  
  126  9:48  Extractor  
  122  9:56  Overlord  
  122  9:59  Centrifical Hooks  
  117  10:02  Hydralisk x3  
  117  10:03  Hydralisk x5  
  117  10:06  Baneling x3  
  126  10:19  Drone x5  
  126  10:20  Drone x7  
  136  10:25  Overlord  
  136  10:26  Drone  
  135  10:30  Hydralisk x3  
  141  10:37  Hydralisk x3  
  147  10:43  Hydralisk x2  
  147  10:49  Hydralisk  
  137  10:50  Hydralisk x2  
  137  10:55  Hydralisk x2  
  144  10:59  Zergling x14  
  151  11:09  Hydralisk x3  
  156  11:17  Hydralisk  
  158  11:20  Overlord x3  
  158  11:22  Baneling x7  
  158  11:23  Baneling  
  158  11:32  Hydralisk x2  
  151  11:33  Hydralisk  
  151  11:35  Zergling x16  
  151  11:36  Zergling x4  
  151  11:37  Hatchery  
  151  11:39  Hydralisk  
  122  11:42  Hydralisk  
  122  11:44  Zergling x2  
  122  11:45  Zergling x6  
  127  11:48  Zergling x2  
  127  11:49  Zergling x2  
  127  11:51  Hydralisk x2  
  132  11:58  Hydralisk  
  132  11:59  Hydralisk x2  
  123  12:03  Hydralisk  
  123  12:07  Hydralisk  
  108  12:09  Hydralisk  
  108  12:12  Hydralisk  
  109  12:16  Hydralisk  
  109  12:20  Drone  
  109  12:21  Drone x7  
  117  12:32  Hydralisk x4  
  124  12:40  Hydralisk x3  
  125  12:44  Hydralisk x2  
  125  12:51  Hydralisk x3  
  123  12:55  Hydralisk  
  129  13:02  Zergling x16  
  129  13:05  Queen x2  
  137  13:11  Hydralisk x4  
  149  13:13  Hydralisk  
  149  13:17  Queen  
  153  13:20  Hydralisk x2  
  153  13:25  Drone  
  158  13:27  Viper  
  158  13:32  Hydralisk x2  
  160  13:44  Hydralisk x6  
  160  13:47  Zergling x10  
  175  13:52  Overseer  
  175  13:55  Hydralisk x2  
  175  14:05  Queen x2  
  155  14:18  Zergling x22  
  150  14:30  Hydralisk x5  
  150  14:31  Hydralisk x3  
  156  14:46  Hydralisk x3  
  162  14:54  Hatchery  
  160  15:03  Hydralisk x7  
  174  15:14  Hydralisk x3  
  178  15:24  Hydralisk x3  
  177  15:48  Overlord x4  
  177  15:52  Overseer  
  145  16:04  Hydralisk x9  
  145  16:07  Viper  
  145  16:09  Zergling x2  
  145  16:10  Zergling x20  
  168  16:17  Hydralisk x4  
  148  16:22  Hydralisk  
  148  16:24  Pneumatized Carapace  
  140  16:29  Zergling x8  
  140  16:30  Baneling  
  140  16:31  Baneling x3  
  140  16:34  Hydralisk  
  140  16:37  Hydralisk  
  144  16:43  Hydralisk  
  144  16:44  Hydralisk  
  142  16:48  Zergling x12  
  142  16:49  Zergling x6  
  128  16:56  Hydralisk  
  128  16:57  Hydralisk x3  
  128  16:59  Zergling x2  
  128  17:00  Overseer  
  128  17:01  Overseer  
  117  17:04  Hydralisk  
  110  17:09  Zergling x6  
  110  17:10  Zergling x6  
  110  17:14  Hydralisk  
  110  17:15  Hydralisk x2  
  113  17:18  Zergling x4  
  113  17:21  Hydralisk  
  102  17:27  Hydralisk x2  
  102  17:33  Hydralisk  
  102  17:34  Hydralisk  
  92  17:37  Hydralisk  
  92  17:39  Zergling x4  
  92  17:40  Zergling x8  
  94  17:46  Zergling x2  
Tags
 
Add a new tag
Caveats
  • Supply blocks, unpowered buildings, or Contaminate may cause inaccurate times.
  • Supply counts are checked every 10 seconds.